 Dungeon Sprint DCSS version 0.19-a0-1886-gd64a0f0 (webtiles) character file.

1610 George the Blocker (level 8, -8/82 HPs)
             Began as a Minotaur Fighter on Oct 15, 2016.
             Was a Priest of Makhleb.
             Mangled by a white ugly thing (20 damage)
             ... in the Dungeon (Sprint IX: "|||||||||||||||||||||||||||||").
             The game lasted 00:02:41 (580 turns).

George the Blocker (Minotaur Fighter)                Turns: 580, Time: 00:02:41

Health: -8/82      AC: 25    Str: 22    XL:     8   Next: 63%
Magic:  10/12      EV:  8    Int:  5    God:    Makhleb [***...]
Gold:   0          SH: 12    Dex: 11    Spells: 0 memorised, 7 levels left

rFire  . . .     SeeInvis .     q - +2 scimitar (protect)
rCold  . . .     Gourm    .     r - +0 plate armour
rNeg   . . .     Faith    .     c - +0 shield
rPois  .         Spirit   .     (helmet restricted)
rElec  .         Dismiss  .     (no cloak)
rCorr  .         Reflect  .     a - +0 pair of gloves
MR     .....     Harm     .     (no boots)
Stlth  .......... NoTele   +    (no amulet)
                                s - +2 ring of protection
                                b - +2 ring of evasion

@: protection aura
A: retaliatory headbutt, horns 2
a: Minor Destruction, Lesser Servant of Makhleb, Renounce Religion


You were in the Dungeon.
You worshipped Makhleb.
Makhleb was most pleased with you.
You were not hungry.

You visited 1 branch

Inventory:

Hand Weapons
 p - a +2 rapier of electrocution
 q - a +2 scimitar of protection (weapon)
Armour
 a - a +0 pair of gloves (worn)
 c - a +0 shield (worn)
 r - a +0 plate armour (worn)
Jewellery
 b - a +2 ring of evasion (left hand)
 s - a +2 ring of protection (right hand)
Wands
 o - a wand of iceblast (7/15)
Scrolls
 k - 2 scrolls of blinking
 m - 3 scrolls of remove curse
 n - 2 scrolls of amnesia
Potions
 d - a potion of might
 e - 5 potions of curing
 g - 3 potions of heal wounds
 h - a potion of haste
 i - 4 potions of magic
 l - a potion of invisibility
Comestibles
 f - a bread ration
 j - 3 chunks of flesh


   Skills:
 + Level 11.2 Fighting
 + Level 10.9 Long Blades
 + Level 11.1 Armour
 + Level 11.3 Shields
 + Level 7.6 Invocations


You had 7 spell levels left.
You didn't know any spells.

Dungeon Overview and Level Annotations

Branches:
Dungeon (1/1)

Altars:
Cheibriados
Dithmenos
Elyvilon
Fedhas
Gozag
Hepliaklqana
Kikubaaqudgha
Makhleb
Nemelex Xobeh
Okawaru
Qazlal
Ru
Sif Muna
Trog
Uskayaw
Vehumet
Xom
Yredelemnul
Zin
The Shining One
Beogh
Jiyva
Lugonu


Innate Abilities, Weirdness & Mutations

You reflexively headbutt those who attack you in melee.
You have a pair of horns on your head.


Message History

You slash the white ugly thing! You headbutt the white ugly thing.
The white ugly thing is heavily wounded.
You block the white ugly thing's attack.
You closely miss the white ugly thing.
The white ugly thing is heavily wounded.
You block the white ugly thing's attack.
You hit the white ugly thing.
The white ugly thing is heavily wounded.
The white ugly thing tentacle-slaps you!
The white ugly thing freezes you!!
* * * LOW HITPOINT WARNING * * *
You slash the white ugly thing!
The white ugly thing is severely wounded.
The white ugly thing tentacle-slaps you but does no damage.
You hit the white ugly thing.
The white ugly thing is severely wounded.
The white ugly thing tentacle-slaps you!
* * * LOW HITPOINT WARNING * * *
The white ugly thing freezes you!!
You die...

▓.▓
▓'▓
▓)▓
▓.▓
▓.▓
▓.▓
▓.▓
▓(▓
▓@▓
▓u▓
▓F▓
▓5▓
▓.▓
▓.▓
▓.▓
▓+▓


You could see a white ugly thing, a bullfrog and a shadow imp.

Vanquished Creatures
  A centaur warrior (D)
  A two-headed ogre (D)
  2 hippogriffs (D)
  A necrophage (D)
  A phantom (D)
  A black bear (D)
  A crimson imp (D)
  A jelly (D)
  An orc wizard (D)
  2 worker ants (D)
  A leopard gecko (D)
  2 orcs (D)
  2 goblins (D)
  A frilled lizard (D)
  A kobold (D)
19 creatures vanquished.

Vanquished Creatures (others)
  A spatial maelstrom (D)
1 creature vanquished.

Grand Total: 20 creatures vanquished

Notes
Turn   | Place    | Note
-------+----------+-------------------------------------------
     0 | D        | George the Minotaur Fighter began the quest for the Orb.
     0 | D        | Reached XP level 1. HP: 19/19 MP: 0/0
     2 | D        | Banished a spatial maelstrom
   221 | D        | Noticed an orc wizard
   221 | D        | Noticed a worker ant
   221 | D        | Noticed a jelly
   221 | D        | Noticed a worker ant
   227 | D        | Killed an orc wizard
   227 | D        | Reached skill level 5 in Fighting
   227 | D        | Reached skill level 5 in Armour
   227 | D        | Reached skill level 5 in Shields
   227 | D        | Reached XP level 2. HP: 11/29 MP: 1/1
   227 | D        | Reached XP level 3. HP: 13/36 MP: 2/2
   231 | D        | Reached skill level 5 in Long Blades
   234 | D        | Reached XP level 4. HP: 6/44 MP: 3/3
   291 | D        | Found a roughly hewn altar of Beogh.
   291 | D        | Found a snail-covered altar of Cheibriados.
   291 | D        | Found a shadowy altar of Dithmenos.
   291 | D        | Found a white marble altar of Elyvilon.
   291 | D        | Found a blossoming altar of Fedhas.
   291 | D        | Found an opulent altar of Gozag.
   292 | D        | Found a hazy altar of Hepliaklqana.
   293 | D        | Found a viscous altar of Jiyva.
   294 | D        | Found an ancient bone altar of Kikubaaqudgha.
   295 | D        | Found a corrupted altar of Lugonu.
   296 | D        | Found a burning altar of Makhleb.
   297 | D        | Found a sparkling altar of Nemelex Xobeh.
   298 | D        | Found an iron altar of Okawaru.
   299 | D        | Found a stormy altar of Qazlal.
   300 | D        | Found a sacrificial altar of Ru.
   301 | D        | Found a deep blue altar of Sif Muna.
   302 | D        | Found a bloodstained altar of Trog.
   303 | D        | Found a hide-covered altar of Uskayaw.
   304 | D        | Became a worshipper of Makhleb the Destroyer
   305 | D        | Found a radiant altar of Vehumet.
   306 | D        | Found a shimmering altar of Xom.
   307 | D        | Found a basalt altar of Yredelemnul.
   308 | D        | Found a glowing silver altar of Zin.
   309 | D        | Found a glowing golden altar of the Shining One.
   492 | D        | Noticed a necrophage
   492 | D        | Noticed a black bear
   492 | D        | Noticed a phantom
   492 | D        | Noticed a hippogriff
   495 | D        | Killed a necrophage
   495 | D        | Reached XP level 5. HP: 50/52 MP: 3/6
   501 | D        | Killed a black bear
   501 | D        | Reached XP level 6. HP: 60/61 MP: 3/7
   514 | D        | Killed a hippogriff
   514 | D        | Reached * piety under Makhleb
   521 | D        | Reached skill level 5 in Invocations
   521 | D        | Reached XP level 7. HP: 64/70 MP: 5/9
   533 | D        | Reached ** piety under Makhleb
   564 | D        | Noticed a two-headed ogre
   564 | D        | Noticed a hippogriff
   564 | D        | Noticed a centaur warrior
   564 | D        | Noticed a white ugly thing
   567 | D        | Killed a two-headed ogre
   567 | D        | Reached skill level 10 in Fighting
   567 | D        | Reached skill level 10 in Shields
   569 | D        | Killed a hippogriff
   569 | D        | Reached skill level 10 in Armour
   574 | D        | Killed a centaur warrior
   574 | D        | Reached *** piety under Makhleb
   574 | D        | Reached skill level 10 in Long Blades
   574 | D        | Reached XP level 8. HP: 63/82 MP: 10/12
   580 | D        | Mangled by a white ugly thing

Vault maps used:
D:        linesprint

Skill      XL: |  1  2  3  4  5  6  7 |
---------------+----------------------+-----
Shields        | 5 6 7 8 9 11 | 11.3
Fighting       | 5 6 7 8 9 11 | 11.2
Long Blades    | 4 5 7 9 10 | 10.9
Armour         | 5 6 7 8 9 11 | 11.1
Invocations    | 2 3 5 7 |  7.6

Action                   |  1- 3 |  4- 6 |  7- 9 || total
-------------------------+-------+-------+-------++-------
Melee: Long sword        |    25 |     3 |       ||    28
       Headbutt          |     7 |     3 |     6 ||    16
       Scimitar          |       |    27 |    20 ||    47
  Use: Potion            |     1 |       |       ||     1
Armor: Scale mail        |     7 |     1 |       ||     8
       Plate armour      |       |    18 |     7 ||    25
Dodge: Dodged            |     1 |     5 |     5 ||    11
Block: Shield            |     8 |    16 |     8 ||    32
       Rpst.: Long sword |     1 |       |       ||     1
       Scimitar          |       |     2 |     1 ||     3
